 Dungeon Crawl Stone Soup version 0.18-a0-964-g5edc98f (webtiles) character file.

38123 Oddball22 the Grand Gadgeteer (level 13, 0/106 HPs)
             Began as a Demonspawn Artificer on Jan 1, 2016.
             Was the Champion of Pakellas.
             Slain by a skeletal warrior
             ... wielding a +0 scimitar
              (14 damage)
             ... on level 13 of the Dungeon.
             The game lasted 00:45:08 (10920 turns).

Oddball22 the Grand Gadgeteer (DsAr)               Turns: 10920, Time: 00:45:08

Health: 0/106      AC: 12    Str: 10    XL:     13   Next: 62%
Magic:  22/22      EV: 19    Int: 14    God:    Pakellas [******]
Gold:   618        SH:  0    Dex: 18    Spells: 2 memorised, 19 levels left

rFire  + . .     SeeInvis +     y - +3 mace (drain)
rCold  . . .     Gourm    .     b - +0 leather armour
rNeg   . . .     Faith    .     (no shield)
rPois  .         Spirit   .     (helmet unavailable)
rElec  .         Dismiss  .     s - +1 cloak
rCorr  .         Reflect  .     a - +0 pair of gloves
SustAt .         Harm     .     (no boots)
MR     .....     Rnd*Rage +     (no amulet)
Stlth  ++........               R - +3 ring of slaying
                                E - +3 ring of protection

@: not resistant to hostile enchantments, unstealthy
A: antennae 3, talons 1, thin metallic scales 2, berserk 1, blink, blurry vision
1, fire resistance 1, powered by death 2, screaming 1, spiny 3, weak 1
a: Blink, Quick Charge, Device Surge, Supercharge, Renounce Religion


You were on level 13 of the Dungeon.
You worshipped Pakellas.
Pakellas was exalted by your worship.
You were not hungry.

You visited 1 branch of the dungeon, and saw 13 of its levels.
You also visited: Bailey.

You collected 618 gold pieces.

Inventory:

Hand Weapons
 y - a +3 mace of draining (weapon)
 C - a +0 short sword of venom
 J - a +1 antimagic short sword
 P - a +4 dagger of chaos
Armour
 a - a +0 pair of gloves (worn)
 b - a +0 leather armour (worn)
 s - a +1 cloak (worn)
Rods
 h - a +6 rod of clouds (12/12)
   (Pakellas gifted it to you on level 9 of the Dungeon)
Jewellery
 m - an uncursed ring of positive energy
 v - an uncursed ring of see invisible
 E - a +3 ring of protection (left hand)
 R - a +3 ring of slaying (right hand)
 Z - the ring of Ozeh {*Contam +Inv +Fly Dex+5}
   (You found it on level 12 of the Dungeon)

   [ring of flight]

   It affects your dexterity (+5).
   It lets you turn invisible.
   It lets you fly.
   It causes magical contamination when unequipped.
Wands
 c - a wand of flame (0/48)
 d - a wand of enslavement (14/24)
 e - a wand of random effects (5/48)
 k - a wand of fire (8/15)
 w - a wand of enslavement (14/24)
 F - a wand of cold (9/15)
 G - a wand of frost (36/48)
 L - a wand of lightning (0/15)
 M - a wand of polymorph (15/24)
 S - a wand of paralysis (15/24)
 U - a wand of draining (6/15)
 V - a wand of flame (24/48)
 X - a wand of random effects (17/48)
Scrolls
 g - 2 scrolls of teleportation
 n - 13 scrolls of enchant weapon
 r - a scroll of blinking
 u - 9 scrolls of remove curse
 A - 2 scrolls of fear
 B - 2 scrolls of amnesia
 K - 3 scrolls of identify
 Q - 3 scrolls of enchant armour
Potions
 j - 2 potions of flight
 l - a potion of lignification
 o - a potion of might
 p - 2 potions of invisibility
 x - 11 potions of curing
 H - 2 potions of heal wounds
Books
 t - a book of Party Tricks

   Spells                             Type                      Level
   a - Summon Butterflies             Summoning                    1
   b - Apportation                    Translocation                1
   c - Tukima's Dance                 Hexes                        3
   d - Alistair's Intoxication        Transmutation/Poison         4
   e - Invisibility                   Hexes                        6
 z - a book of Hinderance

   Spells                             Type                      Level
   a - Confusing Touch                Hexes                        2
   b - Confuse                        Hexes                        3
   c - Gell's Gravitas                Hexes/Translocation          3
   d - Petrify                        Transmutation/Earth          4
   e - Metabolic Englaciation         Hexes/Ice                    5
   f - Yara's Violent Unravelling     Hexes/Transmutation          5
 I - a book of Burglary

   Spells                             Type                      Level
   a - Swiftness                      Charms/Air                   2
   b - Passwall                       Transmutation/Earth          3
   c - Passage of Golubria            Translocation                4
   d - Lee's Rapid Deconstruction     Earth                        5
   e - Darkness                       Hexes                        6
   f - Invisibility                   Hexes                        6
 W - a book of Envenomations

   Spells                             Type                      Level
   a - Spider Form                    Transmutation/Poison         3
   b - Alistair's Intoxication        Transmutation/Poison         4
   c - Olgreb's Toxic Radiance        Poison                       4
   d - Poisonous Cloud                Conjuration/Poison/Air       6
Miscellaneous
 O - a stone of tremors
Comestibles
 f - 9 bread rations
 i - 4 chunks of flesh
 q - 3 beef jerkies
 D - 15 fruits
 N - 8 slices of pizza
 T - 2 meat rations
 Y - a royal jelly


   Skills:
 + Level 11.2 Fighting
 - Level 0.8 Short Blades
 + Level 10.1 Dodging
 - Level 0.8 Stealth
 - Level 6.4 Spellcasting
 - Level 4.1 Charms
 - Level 0.6 Transmutations
 - Level 4.1 Air Magic
 - Level 1.0 Earth Magic
 * Level 13.1 Evocations


You had 19 spell levels left.
You knew the following spells:

 Your Spells              Type           Power        Failure   Level  Hunger
a - Swiftness             Chrm/Air       ###.....     8%          2    #......
b - Passwall              Trmt/Erth      #.........   54%         3    ###....


Dungeon Overview and Level Annotations

Branches:
Dungeon (13/15)            Temple (0/1) D:7            Lair (0/8) D:8
    Orc (0/2) D:11
 Vaults: D:13-14

Altars:
Cheibriados
Dithmenos
Elyvilon
Gozag
Kikubaaqudgha
Makhleb
Nemelex Xobeh
Pakellas
Qazlal
Ru
Sif Muna
Trog
Beogh

Shops:
D:4 }   D:12 !


Innate Abilities, Weirdness & Mutations

You have a pair of large antennae on your head (SInv).
You are mostly covered in thin metallic scales (AC +3).
You regenerate health from kills.
You are completely covered in sharp spines.
You have sharp toenails.
You tend to lose your temper in combat.
You can translocate small distances at will.
Scrolls take you a little longer to read.
Your flesh is heat resistant.
You occasionally shout uncontrollably at your foes.
You are weak. (Str -2)


Message History

The skeletal warrior hits you with a scimitar.
The skeletal warrior is struck by your spines.
The skeletal warrior hits you with a scimitar!
You hit the skeletal warrior but do no damage.
The skeletal warrior is moderately damaged.
The skeletal warrior is struck by your spines.
The skeletal warrior hits you with a scimitar!
* * * LOW HITPOINT WARNING * * *
You completely miss the skeletal warrior.
The skeletal warrior is heavily damaged.
The skeletal warrior hits you with a scimitar!
* * * LOW HITPOINT WARNING * * *
You closely miss the skeletal warrior.
The skeletal warrior is heavily damaged.
The skeletal warrior is struck by your spines.
The skeletal warrior completely misses you.
You hit the skeletal warrior.
The skeletal warrior is severely damaged.
The skeletal warrior hits you with a scimitar!
You die...

.# ########.###
#######+## #...........
.........####.....[.....
.........# .............
.........# #...........
.........+ #..ozz......
........(# #z#
.........# ##@#
.........# #..#
######..## #.## ###.####
#.# #......# ###'#######
###......# #.........#
#........# #.........#
##.#......# #.).......#
...#......###.).......#


You could see 3 skeletal warriors and an orc.

Vanquished Creatures
  Harold (D:11)
  2 hydras
  An anaconda (D:12)
  An unseen horror (D:11)
  Pikel (D:6)
  3 hill giants
  3 orc knights (Bailey)
  An ugly thing (D:12)
  A cyclops (D:13)
  A shining eye (D:12)
  Psyche (D:8)
  A manticore (D:12)
  A centaur skeleton (D:12)
  2 kobold demonologists (D:12)
  2 trolls
  A two-headed ogre (D:9)
  3 slime creatures (D:12)
  A wyvern (D:12)
  A vampire (D:12)
  22 yaks
  2 hungry ghosts (D:11)
  4 vampire mosquitoes (D:12)
  Edmund (D:6)
  A water moccasin (D:5)
  13 orc warriors
  2 eyes of draining
  4 ice beasts
  2 phantoms (D:12)
  4 sky beasts
  A swamp drake (D:7)
  A slave (D:6)
  2 necrophages
  6 ogres
  4 centaurs
  6 big kobolds
  9 giant frogs
  A water moccasin zombie (D:10)
  3 scorpions
  10 killer bees
  9 crimson imps
  4 centaur zombies
  2 quasits
  A giant frog zombie (D:7)
  3 hounds
  2 jellies (D:9)
  13 orc wizards
  2 gnoll shamans
  6 orc priests
  5 giant frog skeletons
  2 iguanas (D:6)
  6 worker ants
  2 sheep (D:8)
  2 hound skeletons
  10 gnolls
  A worker ant zombie (D:11)
  10 adders
  4 shadow imps
  3 white imps (D:12)
  An adder skeleton (D:4)
  An adder zombie (D:9)
  3 worms
  7 giant geckos
  96 orcs
  6 giant cockroaches
  11 goblins
  9 hobgoblins
  9 jackals
  27 kobolds
  3 quokkas
  2 ball pythons
  5 bats
  A giant gecko skeleton (D:4)
  4 giant newts
  A jackal zombie (D:5)
  A quokka skeleton (D:8)
  2 quokka zombies
  3 rats
405 creatures vanquished.

Vanquished Creatures (collateral kills)
  An orc knight (Bailey)
  2 yaks (D:9)
3 creatures vanquished.

Vanquished Creatures (others)
  An orc knight (Bailey)
  A wizard (D:3)
  A slave (D:6)
  2 orcs (D:6)
  A giant cockroach (D:6)
  A quokka (D:6)
7 creatures vanquished.

Grand Total: 415 creatures vanquished

Notes
Turn   | Place    | Note
--------------------------------------------------------------
     0 | D:1      | Oddball22 the Demonspawn Artificer began the quest for the Orb.
     0 | D:1      | Reached XP level 1. HP: 15/15 MP: 3/3
   465 | D:1      | Gained mutation: You are partially covered in sharp spines. [demonic ancestry]
   465 | D:1      | Reached XP level 2. HP: 19/22 MP: 4/4
  1299 | D:1      | Reached XP level 3. HP: 25/28 MP: 5/5
  1977 | D:2      | Found a bloodstained altar of Trog.
  1998 | D:2      | Gained mutation: You regenerate a little health from kills. [demonic ancestry]
  1998 | D:2      | Reached XP level 4. HP: 31/35 MP: 6/6
  2358 | D:3      | Reached skill level 4 in Fighting
  2358 | D:3      | Gained mutation: You are mostly covered in sharp spines. [demonic ancestry]
  2358 | D:3      | Reached XP level 5. HP: 35/42 MP: 7/7
  2425 | D:3      | Found an ancient bone altar of Kikubaaqudgha.
  2425 | D:3      | Found a stormy altar of Qazlal.
  2583 | D:3      | Found a bloodstained altar of Trog.
  2585 | D:3      | Noticed a wizard
  2590 | D:3      | Killed a wizard
  2968 | D:4      | Found Ifiybrevuh's Gadget Emporium.
  3214 | D:5      | Entered Level 5 of the Dungeon
  3221 | D:5      | Noticed a sky beast
  3230 | D:5      | Killed a sky beast
  3230 | D:5      | Reached skill level 5 in Fighting
  3230 | D:5      | Reached XP level 6. HP: 42/51 MP: 8/8
  3299 | D:5      | Noticed an ice beast
  3378 | D:5      | Noticed a water moccasin
  3388 | D:5      | Killed a water moccasin
  3443 | D:5      | Killed an ice beast
  3443 | D:5      | Reached skill level 6 in Fighting
  3443 | D:5      | Gained mutation: You are partially covered in thin metallic scales (AC +2). [demonic ancestry]
  3443 | D:5      | Reached XP level 7. HP: 58/58 MP: 9/9
  3609 | D:5      | Found an oddly glowing altar of Pakellas.
  3617 | D:5      | Became a worshipper of Pakellas the Inventive
  3922 | D:6      | Noticed Pikel
  3924 | D:6      | Reached skill level 5 in Dodging
  3941 | D:6      | Killed Pikel
  3941 | D:6      | Reached skill level 7 in Fighting
  3941 | D:6      | Reached skill level 5 in Evocations
  3941 | D:6      | Gained mutation: You regenerate health from kills. [demonic ancestry]
  3941 | D:6      | Reached XP level 8. HP: 39/67 MP: 9/12
  4184 | D:6      | Noticed Edmund
  4216 | D:6      | Killed Edmund
  4222 | D:6      | Reached * piety under Pakellas
  4939 | D:7      | Gained mutation: You are mostly covered in thin metallic scales (AC +3). [demonic ancestry]
  4939 | D:7      | Reached XP level 9. HP: 74/74 MP: 14/14
  4969 | D:7      | Found an opulent altar of Gozag.
  5013 | D:7      | Reached skill level 8 in Fighting
  5055 | D:7      | Found a shadowy altar of Dithmenos.
  5117 | D:7      | Found a burning altar of Makhleb.
  5184 | D:7      | Reached ** piety under Pakellas
  5184 | D:7      | Received a gift from Pakellas
  5277 | D:7      | Found a staircase to the Ecumenical Temple.
  5492 | D:8      | Found a snail-covered altar of Cheibriados.
  5492 | D:8      | Found a deep blue altar of Sif Muna.
  5606 | D:8      | Noticed Psyche
  5611 | D:8      | Killed Psyche
  5611 | D:8      | Reached skill level 9 in Fighting
  5801 | D:8      | Found a sacrificial altar of Ru.
  5989 | D:8      | Found a staircase to the Lair.
  6212 | D:8      | Gained mutation: You have a pair of small antennae on your head. [demonic ancestry]
  6212 | D:8      | Reached XP level 10. HP: 78/83 MP: 3/17
  6224 | D:8      | Reached skill level 10 in Evocations
  6262 | D:8      | Noticed a three-headed hydra
  6268 | D:8      | Killed a three-headed hydra
  6690 | D:9      | Reached *** piety under Pakellas
  6867 | D:9      | Found a sparkling altar of Nemelex Xobeh.
  6908 | D:9      | Reached skill level 11 in Evocations
  6945 | D:9      | Reached skill level 10 in Fighting
  7061 | D:9      | Found a white marble altar of Elyvilon.
  7188 | D:9      | Reached **** piety under Pakellas
  7188 | D:9      | Received a gift from Pakellas
  7287 | D:9      | Reached skill level 1 in Spellcasting
  7400 | D:9      | Learned a level 2 spell: Swiftness
  7404 | D:9      | Learned a level 3 spell: Passwall
  7407 | D:10     | Entered Level 10 of the Dungeon
  7482 | D:10     | Gained mutation: You have a pair of antennae on your head. [potion of mutation]
  7482 | D:10     | Gained mutation: You tend to lose your temper in combat. [potion of mutation]
  7482 | D:10     | Gained mutation: You are clumsy. (Dex -2) [potion of mutation]
  7483 | D:10     | Gained mutation: You can translocate small distances at will. [potion of mutation]
  7483 | D:10     | Gained mutation: You are weak. (Str -2) [potion of mutation]
  7484 | D:10     | Gained mutation: You have sharp toenails. [potion of mutation]
  7484 | D:10     | Gained mutation: You occasionally shout uncontrollably at your foes. [potion of mutation]
  7484 | D:10     | Gained mutation: Your flesh is heat resistant. [potion of mutation]
  7507 | D:10     | Gained mutation: You are completely covered in sharp spines. [demonic ancestry]
  7507 | D:10     | Reached XP level 11. HP: 61/91 MP: 19/19
  7615 | D:10     | Reached skill level 1 in Earth Magic
  7640 | D:10     | Reached skill level 1 in Air Magic
  7889 | D:10     | Noticed a hill giant
  7895 | D:10     | Killed a hill giant
  7895 | D:10     | Reached skill level 1 in Charms
  8141 | D:11     | Found a staircase to the Orcish Mines.
  8144 | D:11     | Found a roughly hewn altar of Beogh.
  8164 | D:11     | Reached ***** piety under Pakellas
  8444 | D:11     | Found a flagged portal.
  8452 | Bailey   | Entered a bailey
  8535 | Bailey   | Reached skill level 5 in Spellcasting
  8594 | Bailey   | Noticed an orc knight
  8594 | Bailey   | Noticed an orc knight
  8594 | Bailey   | Noticed an orc knight
  8607 | Bailey   | Killed an orc knight
  8617 | Bailey   | Noticed an orc knight
  8618 | Bailey   | Killed an orc knight
  8624 | Bailey   | Noticed an orc knight
  8637 | Bailey   | Killed an orc knight
  8667 | Bailey   | Killed an orc knight
  8999 | D:11     | Noticed an unseen horror
  9022 | D:11     | Killed an unseen horror
  9054 | D:11     | Noticed a hill giant
  9064 | D:11     | Killed a hill giant
  9481 | D:11     | Noticed Harold
  9506 | D:11     | Killed Harold
  9506 | D:11     | Reached skill level 12 in Evocations
  9506 | D:11     | Reached XP level 12. HP: 66/98 MP: 21/21
  9582 | D:11     | Reached ****** piety under Pakellas
  9656 | D:12     | Found Soqoro's Distillery.
  9783 | D:12     | Noticed an anaconda
  9783 | D:12     | a large slime creature changed into an anaconda
  9788 | D:12     | Gained mutation: Scrolls take you a little longer to read. [a shining eye]
  9792 | D:12     | Lost mutation: You are clumsy. (Dex -2) [a shining eye]
  9796 | D:12     | Killed an anaconda
 10095 | D:12     | Got a crude turquoise ring
 10101 | D:12     | Noticed a four-headed hydra
 10105 | D:12     | Killed a four-headed hydra
 10338 | D:12     | Identified the ring of Ozeh {*Contam +Inv +Fly Dex+5} (You found it on level 12 of the Dungeon)
 10377 | D:12     | Reached skill level 10 in Dodging
 10377 | D:12     | Gained mutation: You have a pair of large antennae on your head (SInv). [demonic ancestry]
 10377 | D:12     | Reached XP level 13. HP: 106/106 MP: 20/22
 10545 | D:12     | Reached skill level 13 in Evocations
 10920 | D:13     | Slain by a skeletal warrior

Vault maps used:
D:1:      onia_arrival_mini_spirals
D:2:      lightli_temple_of_fire
D:3:      gammafunk_temple_overflow_statue, first_bread, grunt_ministairs_11,
          trog_wizard
D:4:      serial_shops, shop_fountains, serial_bayou_pond_e, solitary_fountain,
          st_stairs_10
D:5:      marbit_many_paths
D:6:      uniq_edmund, uniq_pikel
D:7:      lemuel_round_altar, grunt_gozag_breadcrumbs,
          nicolae_dithmenos_the_darkroom, minmay_temple_entry_glass,
          minmay_item_behind_shaft
D:8:      nicolae_ru_awakened_eye, grunt_temple_overflow_open, lair_0_dummy,
          hangedman_ranch, uniq_psyche
D:9:      nemelex_altar_shiori, lemuel_coloured_pillars_altar
D:11:     minmay_orc_entry_temple_small, enter_bailey_2,
          minmay_unpleasant_kobolds, uniq_harold
D:12:     serial_shops, shop, minmay_nine_imps
D:13:     basic_altar, uniq_nessos
Bailey:   bailey_polearm_5, bailey

Action                   |  1- 3 |  4- 6 |  7- 9 | 10-12 | 13-15 || total
-------------------------+-------+-------+-------+-------+-------++-------
Melee: Short sword       |    86 |    98 |    57 |       |       ||   241
       Whip              |       |       |   122 |       |       ||   122
       Mace              |       |       |    36 |   398 |    65 ||   499
Evoke: Wand              |     1 |     2 |    13 |    29 |       ||    45
  Use: Scroll            |     3 |     1 |     1 |    16 |       ||    21
       Potion            |       |       |     2 |    13 |     2 ||    17
 Stab: Sleeping          |     1 |     2 |     4 |     4 |       ||    11
       Invisible         |       |       |     2 |       |       ||     2
       Distracted        |       |       |       |     2 |       ||     2
  Eat: Chunk             |     3 |     5 |     8 |    20 |     3 ||    39
